 Dungeon Crawl Stone Soup version 0.29-a0-1043-g569b05d6ff (webtiles) character file.

Game seed: 12723501648176694630

166 themarg the Insei (level 5, -6/41 HPs)
             Began as a Gnoll Transmuter on Aug 15, 2022.
             Mangled by a wyvern skeleton (11 damage)
             ... on level 5 of the Dungeon.
             The game lasted 00:13:04 (3658 turns).

themarg the Insei (Gnoll Transmuter)                Turns: 3658, Time: 00:13:05

Health: -6/41      AC:  2    Str:  9    XL:     5   Next: 47%
Magic:  10/12      EV: 13    Int: 14    God:
Gold:   182        SH:  0    Dex: 13    Spells: 8/14 levels left

rFire   . . .      SeeInvis .   s - +4 dagger (vamp)
rCold   . . .      Faith    .   (no shield)
rNeg    . . .      Spirit   .   a - +0 robe
rPois   +          Reflect  .   (helmet currently unavailable)
rElec   .          Harm     .   (no cloak)
rCorr   .          Rampage  .   (no gloves)
Will    .....                   (boots currently unavailable)
Stlth   ++........              (no amulet)
HPRegen 0.13/turn               y - ring of poison resistance
MPRegen 0.13/turn               (no ring)

@: appendages, wereblooded
A: horns 2, talons 2, fangs 1, strong nose, distributed training
a: End Transformation


You were on level 5 of the Dungeon.
You had temporarily grown beastly horns and talons.
You visited 1 branch of the dungeon, and saw 5 of its levels.

You collected 210 gold pieces.
You spent 28 gold pieces at shops.

Inventory:

Hand Weapons
 s - a +4 vampiric dagger (weapon)
Missiles
 d - 35 stones
 f - 4 boomerangs
 k - 15 poisoned darts
Armour
 a - a +0 robe (worn)
 l - a +0 pair of boots (melded)
 m - a +0 helmet (melded)
 o - a +0 leather armour
Jewellery
 y - a ring of poison resistance (left hand)
Scrolls
 h - a scroll of amnesia
 i - a scroll of vulnerability
 j - a scroll of teleportation
 n - 3 scrolls of blinking
 p - a scroll of enchant weapon {unknown}
 r - 2 scrolls of fear {unknown}
 u - 3 scrolls of immolation {unknown}
 v - a scroll of magic mapping {unknown}
 x - 2 scrolls of noise {unknown}
Potions
 b - 2 potions of lignification
 c - a potion of degeneration {unknown}
 e - 2 potions of brilliance {unknown}
 g - a potion of ambrosia {unknown}
 q - 6 potions of curing
 t - a potion of mutation {unknown}
 w - a potion of haste {unknown}
 z - a potion of flight {unknown}


   Skills:
 + Level 3.0 Fighting
 + Level 1.6 Short Blades
 + Level 1.6 Long Blades
 + Level 1.6 Axes
 + Level 1.6 Maces & Flails
 + Level 1.6 Polearms
 + Level 1.6 Staves
 + Level 1.6 Ranged Weapons
 + Level 1.6 Throwing
 + Level 1.6 Armour
 + Level 4.8 Dodging
 + Level 1.6 Stealth
 + Level 1.6 Shields
 + Level 6.7 Unarmed Combat
 + Level 5.2 Spellcasting
 + Level 1.2 Conjurations
 + Level 1.2 Hexes
 + Level 1.2 Summonings
 + Level 1.2 Necromancy
 + Level 1.2 Translocations
 + Level 4.0 Transmutations
 + Level 1.2 Fire Magic
 + Level 1.2 Ice Magic
 + Level 1.2 Air Magic
 + Level 1.2 Earth Magic
 + Level 1.2 Poison Magic
 + Level 1.8 Invocations
 + Level 1.6 Evocations


You had 8 spell levels left.
You knew the following spells:

 Your Spells              Type           Power      Damage    Failure   Level
a - Beastly Appendage     Tmut           28%        N/A       3%          1
b - Wereblood             Tmut           14%        N/A       4%          2
c - Spider Form           Tmut/Pois      11%        N/A       17%         3

Your spell library contained the following spells:

 Spells                   Type           Power      Damage    Failure   Level
 Apportation              Tloc           14%        N/A       10%         1
 Necrotise                Necr           28%        1d5       10%         1
 Summon Small Mammal      Summ           28%        N/A       10%         1
 Ice Form                 Ice/Tmut       11%        N/A       50%         4


Dungeon Overview and Level Annotations

Branches:
Dungeon (5/15)
 Temple: D:4-7

Altars:
Hepliaklqana

Shops:
D:2 ?

Annotations:
D:5 Sigmund


Innate Abilities, Weirdness & Mutations

You have temporarily grown beastly horns and talons.
You have very sharp teeth.
Your uncanny sense of smell can sniff out nearby items.
Your experience applies equally to all skills.


Message History

There is a stone staircase leading up here.
Sigmund the Dreaded comes into view.
He is wielding a +0 scythe.
There is a stone staircase leading up here.
You climb upwards.
There is a stone staircase leading down here.
You see here a +0 trident.
There is a stone staircase leading down here.
You climb downwards.
Level annotation: Sigmund
Found a stone staircase leading down.
There is a stone staircase leading up here.
A wyvern skeleton comes into view.
Casting: Beastly Appendage (safe; 3% risk of failure)
Confirm with . or Enter, or press ? or * to list all spells.
You grow a pair of large bovine horns.
Your feet morph into talons.
Your +0 helmet melds into your body.
Your +0 pair of boots melds into your body.
Casting: Beastly Appendage (safe; 3% risk of failure)
Confirm with . or Enter, or press ? or * to list all spells.
Your blood is infused with primal strength.
You hit the wyvern skeleton.
Your headbutt misses the wyvern skeleton.
Your bite misses the wyvern skeleton.
The wyvern skeleton is lightly damaged.
The wyvern skeleton bites you!
You hit the wyvern skeleton.
Your headbutt misses the wyvern skeleton.
The wyvern skeleton is lightly damaged.
The wyvern skeleton closely misses you.
You hit the wyvern skeleton. You bite the wyvern skeleton.
The wyvern skeleton is moderately damaged.
The wyvern skeleton bites you! The wyvern skeleton bites you.
You hit the wyvern skeleton. You claw the wyvern skeleton.
The wyvern skeleton is heavily damaged.
The wyvern skeleton bites you!
* * * LOW HITPOINT WARNING * * *
You barely miss the wyvern skeleton. You claw the wyvern skeleton.
The wyvern skeleton is heavily damaged.
The wyvern skeleton bites you!
You die...

#.. .. ∆ #.## #..#
..## . ##..# ...
###...##$....
###....@Z......
#.###..............
#....<.............
#.......#..........
#.....##...........
#..................
#..#>..............#
#..####.............#
### ##.........


You could see a wyvern skeleton.

Vanquished Creatures
  A hound (D:2)
  Jessica (D:2)
  3 adders
  An ufetubus (D:4)
  A worm (D:4)
  5 dart slugs
  4 ball pythons
  3 bats
  11 endoplasms
  5 giant cockroaches
  7 goblins
  5 hobgoblins
  8 kobolds
  2 quokkas
  A frilled lizard (D:2)
  A rat (D:2)
  A spectral kobold (D:1)
60 creatures vanquished.

Notes
Turn   | Place    | Note
-------+----------+-------------------------------------------
     0 | D:1      | themarg the Gnoll Transmuter began the quest for the Orb.
     0 | D:1      | Reached XP level 1. HP: 17/17 MP: 6/6
   199 | D:1      | Reached XP level 2. HP: 21/23 MP: 5/7
   360 | D:1      | You fall into a shaft and drop 1 floor!
   710 | D:1      | Found a faded altar of an unknown god.
   873 | D:1      | Reached skill level 5 in Spellcasting
   873 | D:1      | Reached XP level 3. HP: 28/28 MP: 6/9
  1282 | D:1      | Learned a level 2 spell: Wereblood
  1731 | D:2      | Reached skill level 1 in Invocations
  1754 | D:2      | Reached skill level 1 in Short Blades
  1754 | D:2      | Reached skill level 1 in Long Blades
  1754 | D:2      | Reached skill level 1 in Axes
  1754 | D:2      | Reached skill level 1 in Maces & Flails
  1754 | D:2      | Reached skill level 1 in Polearms
  1754 | D:2      | Reached skill level 1 in Staves
  1754 | D:2      | Reached skill level 1 in Ranged Weapons
  1754 | D:2      | Reached skill level 1 in Throwing
  1754 | D:2      | Reached skill level 1 in Armour
  1754 | D:2      | Reached skill level 1 in Stealth
  1754 | D:2      | Reached skill level 1 in Shields
  1754 | D:2      | Reached skill level 1 in Evocations
  1754 | D:2      | Reached XP level 4. HP: 17/34 MP: 11/11
  2100 | D:2      | Noticed Jessica
  2114 | D:2      | Learned a level 3 spell: Spider Form
  2129 | D:2      | Killed Jessica
  2130 | D:2      | Reached skill level 1 in Conjurations
  2130 | D:2      | Reached skill level 1 in Hexes
  2130 | D:2      | Reached skill level 1 in Summonings
  2130 | D:2      | Reached skill level 1 in Necromancy
  2130 | D:2      | Reached skill level 1 in Translocations
  2130 | D:2      | Reached skill level 1 in Fire Magic
  2130 | D:2      | Reached skill level 1 in Ice Magic
  2130 | D:2      | Reached skill level 1 in Air Magic
  2130 | D:2      | Reached skill level 1 in Earth Magic
  2130 | D:2      | Reached skill level 1 in Poison Magic
  2182 | D:2      | Found Jesuucoq's Magic Scroll Shoppe.
  2187 | D:2      | Bought a scroll of identify for 28 gold pieces
  2542 | D:3      | Reached XP level 5. HP: 40/40 MP: 9/12
  2897 | D:3      | Found a hazy altar of Hepliaklqana.
  3611 | D:5      | Entered Level 5 of the Dungeon
  3617 | D:5      | Noticed Sigmund
  3658 | D:5      | Mangled by a wyvern skeleton

Illustrated notes

Levels and vault maps discovered:
D:1:      dpeg_arrival_lava_temple_mockup, layout_basic,
          dreamdust_ecumenical_altar_drowned_temple, roderic_serpentine_path
D:2:      layout_basic, serial_shops, nicolae_shop_trees, uniq_jessica
D:3:      layout_rooms, nicolae_hepliaklqana_hippocampus
D:4:      layout_cave_pools
D:5:      layout_layer_cave, serial_undead, serial_undead_a, serial_undead_e,
          serial_undead_f, serial_undead_e, serial_undead_a, serial_undead_a,
          serial_undead_d, serial_undead_e, dk_noncrumbling_4,
          minmay_misc_feat_columns, bh_walls_and_bars, uniq_sigmund, uniq_pikel

Skill      XL: |  1  2  3  4  5 |
---------------+----------------+-----
Spellcasting   | 5 |  5.2
Invocations    | 1 |  1.8
Short Blades   | 1 |  1.6
Long Blades    | 1 |  1.6
Axes           | 1 |  1.6
Maces & Flails | 1 |  1.6
Polearms       | 1 |  1.6
Staves         | 1 |  1.6
Ranged Weapons | 1 |  1.6
Throwing       | 1 |  1.6
Armour         | 1 |  1.6
Stealth        | 1 |  1.6
Shields        | 1 |  1.6
Evocations     | 1 |  1.6
Conjurations   | 1 |  1.2
Hexes          | 1 |  1.2
Summonings     | 1 |  1.2
Necromancy     | 1 |  1.2
Translocations | 1 |  1.2
Fire Magic     | 1 |  1.2
Ice Magic      | 1 |  1.2
Air Magic      | 1 |  1.2
Earth Magic    | 1 |  1.2
Poison Magic   | 1 |  1.2
Fighting       | 3 |  3.0
Transmutations | 4 |  4.0
Dodging        | |  4.8
Unarmed Combat | |  6.7

Action                   |  1- 3 |  4- 6 || total
-------------------------+-------+-------++-------
Melee: Long sword        |    49 |     5 ||    54
       Bite              |     4 |     3 ||     7
       Kick              |    10 |    14 ||    24
       Headbutt          |     8 |     7 ||    15
       Dagger            |       |    68 ||    68
       Unarmed           |       |     3 ||     3
       Punch             |       |     1 ||     1
 Cast: Beastly Appendage |    16 |    17 ||    33
       Wereblood         |       |     5 ||     5
       Spider Form       |       |     1 ||     1
  Use: Scroll            |       |     5 ||     5
 Stab: Sleeping          |       |     1 ||     1
Armor: Robe              |     5 |     5 ||    10
       Skin              |       |     1 ||     1
Dodge: Dodged            |    27 |    50 ||    77

Table legend: (Time is in decaauts)
 A = Elapsed time spent in this place.
 B = Non-inter-level travel time spent in this place.
 C = Inter-level travel time spent in this place.
 D = Time resting spent in this place.
 E = Time spent auto-exploring this place.
 F = Levels seen in this place.
 G = Mean time per level.
                   A        B        C        D        E       F      G
               +--------+--------+--------+--------+--------+-----+--------+
         Total |   3677 |   3533 |    144 |    818 |   1836 |   5 |  735.4 |
       Dungeon |   3677 |   3533 |    144 |    818 |   1836 |   5 |  735.4 |
               +--------+--------+--------+--------+--------+-----+--------+

Top non-repeatable levels by time:
     D:1: 1529 daAuts
     D:2: 983 daAuts
     D:4: 583 daAuts
     D:3: 558 daAuts
     D:5: 23 daAuts
